 Dungeon Crawl Stone Soup version 0.22.1-1-ga44c0e56f4 (webtiles) character file.

507 OdinFK the Chopper (level 6, 0/48 HPs)
             Began as a Demonspawn Abyssal Knight on Oct 18, 2018.
             Was a Priest of Lugonu.
             Slain by Sigmund
             ... wielding a +0 scythe
              (3 damage)
             ... on level 4 of the Dungeon.
             The game lasted 00:12:13 (3970 turns).

OdinFK the Chopper (Demonspawn Abyssal Knight)      Turns: 3970, Time: 00:12:14

Health: 0/48       AC: 11    Str: 15    XL:     6   Next: 97%
Magic:  8/8        EV:  8    Int: 13    God:    Lugonu [***...]
Gold:   189        SH:  0    Dex: 12    Spells: 5/5 levels left

rFire    . . .     SeeInvis .   a - +1 hand axe
rCold    . . .     Gourm    .   (no shield)
rNeg     . . .     Faith    .   j - +0 plate armour
rPois    .         Spirit   .   (helmet restricted)
rElec    .         Reflect  .   (no cloak)
rCorr    .         Harm     .   (no gloves)
MR       .....                  (no boots)
Stlth    ..........             (no amulet)
HPRegen  0.16/turn              (no ring)
MPRegen  0.11/turn              (no ring)

@: no status effects
A: horns 1, repulsion field 2, spiny 1
a: Depart the Abyss, Bend Space, Banish, Renounce Religion


You were on level 4 of the Dungeon.
You worshipped Lugonu.
Lugonu was most pleased with you.
You were hungry.

You visited 1 branch of the dungeon, and saw 5 of its levels.
You visited the Abyss 1 time.

You collected 189 gold pieces.

Inventory:

Hand Weapons
 a - a +1 hand axe (weapon)
 p - a +2 short sword of venom
Armour
 j - a +0 plate armour (worn)
 l - a +0 helmet
Wands
 h - a wand of random effects (44)
Scrolls
 d - 6 scrolls of identify {unknown}
 e - a scroll of fog {unknown}
 f - a scroll of immolation {unknown}
 g - a scroll of amnesia
 k - 5 scrolls of teleportation {unknown}
 m - a scroll of noise {unknown}
 n - a scroll of enchant armour {unknown}
 o - a scroll of blinking {unknown}
 s - a scroll of remove curse {unknown}
Potions
 b - a potion of might
 q - a potion of curing {unknown}
 r - a potion of haste {unknown}
Comestibles
 c - 5 rations


   Skills:
 + Level 4.3 Fighting
 + Level 4.6 Axes
 + Level 4.1 Armour
 + Level 1.6 Dodging
 + Level 2.6 Invocations


You had 5 spell levels left.
You didn't know any spells.
Your spell library was empty.

Dungeon Overview and Level Annotations

Branches:
Dungeon (5/15)             Temple (0/1) D:5

Altars:
Gozag
Nemelex Xobeh
Okawaru
Qazlal
Vehumet

Annotations:
D:3 Crazy Yiuf
D:4 Sigmund
D:5 Pikel


Innate Abilities, Weirdness & Mutations

You have a pair of small horns on your head.
You are surrounded by a moderate repulsion field. (EV +3)
You are partially covered in sharp spines.


Message History

Sigmund hits you but does no damage.
You hit Sigmund.
Sigmund is moderately wounded.
Sigmund points at you and mumbles some strange words.
The puff of flame hits you!
* * * LOW HITPOINT WARNING * * *
You closely miss Sigmund.
Sigmund is moderately wounded.
Sigmund hits you with a scythe.
* * * LOW HITPOINT WARNING * * *
You hit Sigmund.
Sigmund is moderately wounded.
You hit Sigmund but do no damage.
Sigmund is moderately wounded.
Sigmund hits you with a scythe!
* * * LOW HITPOINT WARNING * * *
You hit Sigmund. Your headbutt misses Sigmund.
Sigmund is heavily wounded.
Sigmund hits you with a scythe.
You die...

.##+#########+#####
#.... #.... ##....
#.....#########
#.............#
#.............#
#.............# ....
#.....@@......#
....####................
.......................
...........######+#... .
#.........# .. .
#.........+ . #
#.........#
#...<.....##+
#.....!.......


You could see Sigmund.

Vanquished Creatures
  2 slaves (D:4)
  A phantom (D:5)
  A crimson imp (D:5)
  2 hounds
  A jelly (D:5)
  An orc wizard (D:5)
  Jessica (D:3)
  2 worker ants (D:5)
  9 adders
  3 shadow imps
  3 worms
  A dart slug (D:1)
  4 leopard geckos
  3 orcs (D:5)
  2 ball pythons
  5 bats
  4 giant cockroaches
  11 goblins
  6 hobgoblins
  3 jackals (D:1)
  3 quokkas
  7 frilled lizards
  6 kobolds
  3 rats
84 creatures vanquished.

Notes
Turn   | Place    | Note
-------+----------+-------------------------------------------
     0 | Abyss:1  | OdinFK the Demonspawn Abyssal Knight began the quest for
                  | the Orb.
     0 | Abyss:1  | Reached XP level 1. HP: 18/18 MP: 2/2
     1 | Abyss:1  | Found a corrupted altar of Lugonu.
    18 | D:1      | Escaped the Abyss
   380 | D:1      | Gained mutation: You are surrounded by a mild repulsion
                  | field. (EV +2) [demonic ancestry]
   380 | D:1      | Reached XP level 2. HP: 21/24 MP: 3/3
   540 | D:1      | Reached skill level 1 in Dodging
   700 | D:2      | Reached ** piety under Lugonu
   700 | D:2      | Gained mutation: You are partially covered in sharp spines.
                  | [demonic ancestry]
   700 | D:2      | Reached XP level 3. HP: 10/29 MP: 4/4
   851 | D:2      | Found a stormy altar of Qazlal.
  1259 | D:2      | Found an opulent altar of Gozag.
  1286 | D:2      | Gained mutation: You have a pair of small horns on your
                  | head. [demonic ancestry]
  1286 | D:2      | Reached XP level 4. HP: 32/36 MP: 6/6
  1349 | D:2      | Found an iron altar of Okawaru.
  1873 | D:3      | Noticed Jessica
  1876 | D:3      | Killed Jessica
  1876 | D:3      | Gained mutation: You are surrounded by a moderate repulsion
                  | field. (EV +3) [demonic ancestry]
  1876 | D:3      | Reached XP level 5. HP: 42/42 MP: 7/7
  1977 | D:3      | Found a sparkling altar of Nemelex Xobeh.
  2009 | D:3      | Found a radiant altar of Vehumet.
  2069 | D:3      | Found a runed door.
  2573 | D:3      | Reached *** piety under Lugonu
  2709 | D:3      | Noticed Crazy Yiuf
  2909 | D:4      | Noticed Sigmund
  2919 | D:5      | Entered Level 5 of the Dungeon
  2950 | D:5      | Found a staircase to the Ecumenical Temple.
  3040 | D:5      | Reached XP level 6. HP: 48/48 MP: 8/8
  3746 | D:4      | Noticed a slave
  3746 | D:4      | Noticed a slave
  3746 | D:4      | Noticed a slave
  3761 | D:4      | Killed a slave
  3768 | D:4      | Killed a slave
  3801 | D:4      | Noticed Pikel
  3808 | D:4      | Noticed a slave
  3970 | D:4      | Slain by Sigmund

Skill      XL: |  1  2  3  4  5  6 |
---------------+-------------------+-----
Axes           | 2 3 4 |  4.6
Armour         | 2 3 4 |  4.1
Dodging        | 1 |  1.6
Fighting       | 4 |  4.3
Invocations    | |  2.6

Action                   |  1- 3 |  4- 6 || total
-------------------------+-------+-------++-------
Melee: Hand axe          |   100 |   155 ||   255
       Headbutt          |       |    17 ||    17
  Use: Potion            |       |     5 ||     5
       Scroll            |       |     1 ||     1
  Eat: Chunk             |     1 |     8 ||     9
Armor: Leather armour    |     5 |       ||     5
       Chain mail        |    25 |       ||    25
       Plate armour      |    29 |   105 ||   134
Dodge: Dodged            |    46 |    75 ||   121
